 Dungeon Crawl Stone Soup version 0.28.0-47-ge53b351184 (webtiles) character file.

Game seed: 13155611111310699228

277 Woods the Magician (level 6, -1/35 HPs)
             Began as a Deep Elf Conjurer on Apr 27, 2022.
             Slain by a scorpion (3 damage)
             ... on level 4 of the Dungeon.
             The game lasted 00:06:11 (3625 turns).

Woods the Magician (Deep Elf Conjurer)              Turns: 3625, Time: 00:06:12

Health: -1/35      AC:  3    Str:  4    XL:     6   Next: 4%
Magic:  0/5        EV: 17    Int: 25    God:
Gold:   137        SH:  0    Dex: 13    Spells: 3/17 levels left

rFire   . . .      SeeInvis .   i - +3 scythe (antimagic)
rCold   . . .      Faith    .   (shield currently unavailable)
rNeg    . . .      Spirit   .   j - +1 robe
rPois   .          Reflect  .   (no helmet)
rElec   .          Harm     .   (no cloak)
rCorr   .          Rampage  .   (no gloves)
Will    .....                   (no boots)
Stlth   ++........              f - amulet of the acrobat
HPRegen 0.11/turn               g - +4 ring of evasion
MPRegen 0.09/turn               (no ring)

@: lethally poisoned (-1 -> -13), attractive, flying, hasted, very quick
A: no striking features
a: no special abilities


You were on level 4 of the Dungeon.
You visited 1 branch of the dungeon, and saw 4 of its levels.

You collected 137 gold pieces.

Inventory:

Hand Weapons
 i - a +3 antimagic scythe (weapon)
Armour
 a - a +0 robe
 j - a +1 robe (worn)
Jewellery
 f - an amulet of the acrobat (around neck)
 g - a +4 ring of evasion (left hand)
Wands
 n - a wand of polymorph (10)
Scrolls
 b - 2 scrolls of identify {unknown}
 c - a scroll of blinking {unknown}
 m - a scroll of amnesia {unknown}
Potions
 d - a potion of attraction
 e - a potion of flight
 k - a potion of brilliance {unknown}
 l - a potion of degeneration {unknown}


   Skills:
 + Level 1.6 Fighting
 + Level 3.6 Dodging
 + Level 3.8 Stealth
 - Level 6.0 Spellcasting
 - Level 5.0 Conjurations


You had 3 spell levels left.
You knew the following spells:

 Your Spells              Type           Power      Damage    Failure   Level
a - Magic Dart            Conj           100%       1d8       1%          1
b - Searing Ray           Conj           64%        2d6       1%          2
c - Dazzling Flash        Conj/Hex       40%        N/A       8%          3
d - Fulminant Prism       Conj/Hex       10%        3d9       26%         4
e - Iskenderun's Mystic   Conj/Tloc      20%        2d6       26%         4

Your spell library contained the following spells:

 Spells                   Type           Power      Damage    Failure   Level


Dungeon Overview and Level Annotations

Branches:
Dungeon (4/15)
 Temple: D:4-7

Altars:
Vehumet
Xom

Shops:
D:4 *


Message History

(Press . to maintain the ray.) Without enough magic to sustain it, your searing ray dissipates.
The scorpion completely misses you.
Casting: Searing Ray (safe; 1% risk of failure)
Confirm with . or Enter, or press ? or * to list all spells.
You don't have enough magic to cast this spell.
Unknown command.
You hit the scorpion.
The scorpion is heavily wounded.
The scorpion stings you. x2
You barely miss the scorpion.
The scorpion is heavily wounded.
The scorpion misses you. x2; The scorpion stings you.
You are poisoned.
The scorpion poisons you!
You feel very sick.
Aiming: Magic Dart (safe; 1% risk of failure)
Press: ? - help, Q - select action, (/) - cycle Shift-Dir - straight line, f/p - scorpion
Aim: a scorpion (heavily wounded, 100% to hit)
The magic dart hits the scorpion.
The scorpion is heavily wounded.
You feel sick.
The scorpion stings you but does no damage.
It was a potion of attraction.
You feel attractive to monsters.
You feel sick. The scorpion stings you.
You are lethally poisoned!
The scorpion poisons you! The scorpion completely misses you.
It was a potion of flight.
You feel very buoyant.
You fly up into the air.
* * * LOW HITPOINT WARNING * * *
You feel very sick. The scorpion stings you.
* * * LOW HITPOINT WARNING * * *
It was a potion of haste.
You feel yourself speed up.
* * * LOW HITPOINT WARNING * * *
You feel very sick. The scorpion stings you.
You die...

........##...<.
...............
..............
........... ........#
#......# .... # ##.
#......#####... .#
....#..s#...##...###.##
##...@#.........#...#
#...........)......#
....................##
...##..###....>......##
.. ##.####...))<.....#
# ...........#.##...#
.......∩...### ##
.........#..#
####....).#..#


You could see a scorpion.

Vanquished Creatures
  Sigmund (D:2)
  An orc wizard (D:4)
  An adder (D:2)
  A worm (D:2)
  A dart slug (D:3)
  10 orcs
  4 ball pythons
  8 bats
  6 endoplasms
  2 giant cockroaches
  9 goblins
  A hobgoblin (D:2)
  6 jackals (D:1)
  2 quokkas
  A frilled lizard (D:2)
  6 kobolds
  8 rats
68 creatures vanquished.

Notes
Turn   | Place    | Note
-------+----------+-------------------------------------------
     0 | D:1      | Woods the Deep Elf Conjurer began the quest for the Orb.
     0 | D:1      | Reached XP level 1. HP: 10/10 MP: 6/6
   274 | D:1      | Reached XP level 2. HP: 15/15 MP: 2/8
  1260 | D:1      | Reached skill level 4 in Spellcasting
  1529 | D:2      | Reached skill level 5 in Conjurations
  1529 | D:2      | Reached XP level 3. HP: 19/19 MP: 7/10
  1532 | D:2      | Learned a level 2 spell: Searing Ray
  1536 | D:2      | Learned a level 3 spell: Dazzling Flash
  1568 | D:2      | Noticed Sigmund
  2110 | D:2      | Killed Sigmund
  2111 | D:2      | Reached skill level 6 in Spellcasting
  2111 | D:2      | Reached skill level 1 in Fighting
  2111 | D:2      | Reached XP level 4. HP: 15/25 MP: 2/14
  2111 | D:2      | Reached XP level 5. HP: 18/29 MP: 2/15
  2348 | D:2      | Found a shimmering altar of Xom.
  2520 | D:3      | Learned a level 4 spell: Fulminant Prism
  2525 | D:3      | Learned a level 4 spell: Iskenderun's Mystic Blast
  2942 | D:3      | Found a faded altar of an unknown god.
  3165 | D:3      | Found a radiant altar of Vehumet.
  3484 | D:4      | Found Kiloigh's Mass Market.
  3492 | D:4      | Reached XP level 6. HP: 25/35 MP: 9/17
  3625 | D:4      | Slain by a scorpion

Illustrated notes

Levels and vault maps discovered:
D:1:      nicolae_arrival_somewhat_less_tricky_arrival, layout_basic,
          minmay_pentomino_q4
D:2:      layout_loops_ring, basic_altar, uniq_sigmund
D:3:      layout_basic, nicolae_overflow_hidden_temple,
          hellmonk_ecumenical_altar_crossroads, serial_bayou_lagoon_b
D:4:      layout_cave_pools, gammafunk_temple_overflow_pools,
          minmay_temple_entry_gardened_gates, grunt_decor_arrowhead,
          hangedman_decor_points, minmay_shop_mass

Skill      XL: |  1  2  3 |
---------------+----------+-----
Spellcasting   | 4 6 |  6.0
Conjurations   | 5 |  5.0
Fighting       | 1 |  1.6
Dodging        | 3 |  3.6
Stealth        | 3 |  3.8

Action                   |  1- 3 |  4- 6 || total
-------------------------+-------+-------++-------
Melee: Unarmed           |     1 |       ||     1
       Scythe            |       |     2 ||     2
 Cast: Magic Dart        |    68 |    62 ||   130
       Searing Ray       |     2 |     7 ||     9
  Use: Potion            |       |     3 ||     3
Armor: Robe              |    29 |     1 ||    30
Dodge: Dodged            |    58 |    12 ||    70
